| TOP OF THE 1ST |
|
Aberdeen Pheasants batting - Pitching for Duluth-Superior Dukes : RHP Pete Rice
|
|
Pitching: RHP Pete Rice
|
|
|
Batting: SHB Stephen Moore
|
0-0: Called Strike 0-1: Ball 1-1: Foul Ball, location: 2F 1-2: Ball 2-2: Ball 3-2: Base on Balls
|
|
Batting: LHB Rick Leach
|
0-0: Ball Wild Pitch! Stephen Moore to second 1-0: Called Strike 1-1: Foul Ball, location: 2F 1-2: Ball 2-2: Ball 3-2: Foul Ball, location: 2F 3-2: Base on Balls
|
|
Batting: LHB Bob Porter
|
0-0: Swinging Strike 0-1: Foul Ball, location: 2F 0-2: Strikes out swinging
|
|
Batting: RHB Thomas Masterson
|
0-0: Ball 1-0: Called Strike 1-1: Ball Stephen Moore steals 3rd base Rick Leach to second 2-1: Ball 3-1: Called Strike 3-2: Strikes out looking
|
|
Batting: LHB Tim Thompson
|
0-0: Ball 1-0: Ball 2-0: Foul Ball, location: 2F 2-1: Foul Ball, location: 2F 2-2: Ground out 4-3 (Groundball, 4S, EV 76.9 MPH)
|
| Top of the 1st over - 0 runs, 0 hits, 0 errors, 2 left on base; Aberdeen 0 - Duluth-Superior 0 |
| BOTTOM OF THE 1ST |
|
Duluth-Superior Dukes batting - Pitching for Aberdeen Pheasants : RHP Dave Beard
|
|
Pitching: RHP Dave Beard
|
|
|
Batting: RHB Hector Cervantes
|
0-0: Foul Ball, location: 2F 0-1: Foul Ball, location: 2F 0-2: Ball 1-2: Strikes out swinging
|
|
Batting: RHB Jim Ferguson
|
0-0: Ball 1-0: Foul Ball, location: 2F 1-1: Bunt for hit to P - play at first, batter OUT! 1-3
|
|
Batting: LHB Ralph Bryant
|
0-0: Called Strike 0-1: SINGLE (Line Drive, 5D, EV 96.9 MPH)
|
|
Batting: RHB Leo Vargas
|
0-0: Fly out, F8 (Flyball, 8LS, EV 88.8 MPH)
|
| Bottom of the 1st over - 0 runs, 1 hit, 0 errors, 1 left on base; Aberdeen 0 - Duluth-Superior 0 |
| TOP OF THE 2ND |
|
Aberdeen Pheasants batting - Pitching for Duluth-Superior Dukes : RHP Pete Rice
|
|
Batting: RHB Alejandro Luna
|
0-0: Fly out, F8 (Flyball, 8RM, EV 83.8 MPH)
|
|
Batting: RHB Armando Ramirez
|
0-0: Ball 1-0: Called Strike 1-1: Swinging Strike 1-2: Strikes out looking
|
|
Batting: RHB Diego Martinez
|
0-0: Foul Ball, location: 2F 0-1: Called Strike 0-2: Fly out, F8 (Flyball, 8LD, EV 75.6 MPH)
|
| Top of the 2nd over - 0 runs, 0 hits, 0 errors, 0 left on base; Aberdeen 0 - Duluth-Superior 0 |
| BOTTOM OF THE 2ND |
|
Duluth-Superior Dukes batting - Pitching for Aberdeen Pheasants : RHP Dave Beard
|
|
Batting: RHB Gary Hinson
|
0-0: Ball 1-0: Ball 2-0: Ground out 4-3 (Groundball, 4S, EV 66.3 MPH)
|
|
Batting: SHB Garry Humpston
|
0-0: Swinging Strike 0-1: Ball 1-1: Ball 2-1: Ball 3-1: SINGLE (Line Drive, 9S, EV 98.8 MPH)
|
|
Batting: RHB Scott Loucks
|
0-0: Ball 1-0: Called Strike 1-1: Foul Ball, location: 2F 1-2: Ball 2-2: Strikes out swinging
|
|
Batting: RHB Cecil Whitehead
|
0-0: Ball 1-0: SINGLE (Line Drive, 8LS, EV 105.0 MPH) Garry Humpston to second Runner from 2nd tries for 3rd, SAFE, throw by CF made to third
|
|
Batting: RHB Everette Smith
|
0-0: Called Strike 0-1: Ball 1-1: Swinging Strike 1-2: Foul Ball, location: 2F 1-2: Foul Ball, location: 2F 1-2: Foul Ball, location: 2F 1-2: SINGLE (Groundball, 56D, EV 95.0 MPH) Garry Humpston scores Cecil Whitehead to second
|
|
Batting: RHB Hector Cervantes
|
0-0: Foul Ball, location: 2F 0-1: Fly out, F6 (Popup, 6D, EV 55.6 MPH)
|
| Bottom of the 2nd over - 1 run, 3 hits, 0 errors, 2 left on base; Aberdeen 0 - Duluth-Superior 1 |
| TOP OF THE 3RD |
|
Aberdeen Pheasants batting - Pitching for Duluth-Superior Dukes : RHP Pete Rice
|
|
Batting: RHB Mike Foote
|
0-0: Called Strike 0-1: Ball 1-1: Called Strike 1-2: Strikes out looking
|
|
Batting: SHB Stephen Moore
|
0-0: SINGLE (Line Drive, 7LS, EV 94.4 MPH)
|
|
Batting: LHB Rick Leach
|
0-0: Ball 1-0: Swinging Strike 1-1: Ball 2-1: Fly out, F8 (Flyball, 89D, EV 93.1 MPH)
|
|
Batting: LHB Bob Porter
|
0-0: Ball 1-0: Called Strike 1-1: Foul Ball, location: 2F 1-2: Strikes out swinging
|
| Top of the 3rd over - 0 runs, 1 hit, 0 errors, 1 left on base; Aberdeen 0 - Duluth-Superior 1 |
| BOTTOM OF THE 3RD |
|
Duluth-Superior Dukes batting - Pitching for Aberdeen Pheasants : RHP Dave Beard
|
|
Batting: RHB Jim Ferguson
|
0-0: Ball 1-0: Fly out, F9 (Line Drive, 9D, EV 85.6 MPH)
|
|
Batting: LHB Ralph Bryant
|
0-0: Called Strike 0-1: Ball 1-1: Called Strike 1-2: Ball 2-2: Strikes out swinging
|
|
Batting: RHB Leo Vargas
|
0-0: Ball 1-0: Called Strike 1-1: Fly out, F8 (Flyball, 78D, EV 81.9 MPH)
|
| Bottom of the 3rd over - 0 runs, 0 hits, 0 errors, 0 left on base; Aberdeen 0 - Duluth-Superior 1 |
| TOP OF THE 4TH |
|
Aberdeen Pheasants batting - Pitching for Duluth-Superior Dukes : RHP Pete Rice
|
|
Batting: RHB Thomas Masterson
|
0-0: Ball 1-0: Ball 2-0: Swinging Strike 2-1: Foul Ball, location: 2F 2-2: Foul Ball, location: 2F 2-2: Strikes out swinging
|
|
Batting: LHB Tim Thompson
|
0-0: Ball 1-0: Ball 2-0: Ball 3-0: Called Strike 3-1: Foul Ball, location: 2F 3-2: Reached on error, E5 (Groundball, 56S, EV 82.5 MPH)
|
|
Batting: RHB Alejandro Luna
|
0-0: Called Strike 0-1: Called Strike 0-2: Fielders Choice at 2nd, 6-4 (Groundball, 6S, EV 88.8 MPH)
|
|
Batting: RHB Armando Ramirez
|
0-0: Called Strike 0-1: Called Strike 0-2: SINGLE (Groundball, 4D, EV 101.9 MPH) Alejandro Luna to second Runner from 2nd tries for 3rd, SAFE, throw by RF made to third
|
|
Batting: RHB Diego Martinez
|
0-0: Called Strike 0-1: Ball 1-1: Called Strike 1-2: SINGLE (Groundball, 56S, EV 66.9 MPH) (infield hit) Alejandro Luna scores Armando Ramirez to second
|
|
Batting: RHB Mike Foote
|
0-0: Ball 1-0: Called Strike 1-1: Ball 2-1: Ball 3-1: Base on Balls Armando Ramirez to third Diego Martinez to second
|
|
Batting: SHB Stephen Moore
|
0-0: Ball 1-0: Ball 2-0: Foul Ball, location: 2F 2-1: Foul Ball, location: 2F 2-2: Foul Ball, location: 2F 2-2: Ball 3-2: Base on Balls Armando Ramirez scores Diego Martinez to third Mike Foote to second
|
|
Batting: LHB Rick Leach
|
0-0: Called Strike 0-1: Ball 1-1: Swinging Strike 1-2: Hit by Pitch Diego Martinez scores Mike Foote to third Stephen Moore to second
|
|
Batting: LHB Bob Porter
|
0-0: Ball 1-0: Ball 2-0: Ball 3-0: Base on Balls Mike Foote scores Stephen Moore to third Rick Leach to second
|
|
Batting: RHB Thomas Masterson
|
0-0: Swinging Strike 0-1: Ball 1-1: Ball 2-1: Foul Ball, location: 2F 2-2: Foul Ball, location: 2F 2-2: Foul Ball, location: 2F 2-2: Ball 3-2: Strikes out swinging
|
| Top of the 4th over - 4 runs, 2 hits, 1 error, 3 left on base; Aberdeen 4 - Duluth-Superior 1 |
| BOTTOM OF THE 4TH |
|
Duluth-Superior Dukes batting - Pitching for Aberdeen Pheasants : RHP Dave Beard
|
|
Batting: RHB Gary Hinson
|
0-0: Called Strike 0-1: Swinging Strike 0-2: Strikes out looking
|
|
Batting: SHB Garry Humpston
|
0-0: Called Strike 0-1: Ball 1-1: Ball 2-1: Ball 3-1: Foul Ball, location: 2F 3-2: Base on Balls
|
|
Batting: RHB Scott Loucks
|
0-0: Ball 1-0: Called Strike 1-1: Ball 2-1: Swinging Strike 2-2: Ball 3-2: TRIPLE (Flyball, 78XD, EV 104.4 MPH) Garry Humpston scores
|
|
Batting: RHB Cecil Whitehead
|
0-0: Ball 1-0: Ball 2-0: Ball 3-0: Base on Balls
|
|
Batting: RHB Everette Smith
|
0-0: Ball 1-0: Foul Ball, location: 2F 1-1: Called Strike 1-2: Ball 2-2: Strikes out swinging
|
|
Batting: RHB Hector Cervantes
|
0-0: Called Strike 0-1: Ball 1-1: Ball 2-1: Fly out, F4 (Flyball, 4D, EV 89.4 MPH)
|
| Bottom of the 4th over - 1 run, 1 hit, 0 errors, 2 left on base; Aberdeen 4 - Duluth-Superior 2 |
| TOP OF THE 5TH |
|
Aberdeen Pheasants batting - Pitching for Duluth-Superior Dukes : RHP Pete Rice
|
|
Batting: LHB Tim Thompson
|
0-0: Ball 1-0: Ball 2-0: Ball 3-0: Base on Balls
|
|
Batting: RHB Alejandro Luna
|
0-0: Called Strike 0-1: Called Strike 0-2: Grounds into double play, 6-4-3 (Groundball, 6, EV 97.5 MPH)
|
|
Batting: RHB Armando Ramirez
|
0-0: Called Strike 0-1: Fly out, F7 (Line Drive, 7, EV 85.0 MPH)
|
| Top of the 5th over - 0 runs, 0 hits, 0 errors, 0 left on base; Aberdeen 4 - Duluth-Superior 2 |
| BOTTOM OF THE 5TH |
|
Duluth-Superior Dukes batting - Pitching for Aberdeen Pheasants : RHP Dave Beard
|
|
Batting: RHB Jim Ferguson
|
0-0: Ball 1-0: Foul Ball, location: 2F 1-1: Foul Ball, location: 2F 1-2: Strikes out swinging
|
|
Batting: LHB Ralph Bryant
|
0-0: Called Strike 0-1: Foul Ball, location: 2F 0-2: Ball 1-2: Strikes out swinging
|
|
Batting: RHB Leo Vargas
|
0-0: Ground out 6-3 (Groundball, 56, EV 98.1 MPH)
|
| Bottom of the 5th over - 0 runs, 0 hits, 0 errors, 0 left on base; Aberdeen 4 - Duluth-Superior 2 |
| TOP OF THE 6TH |
|
Aberdeen Pheasants batting - Pitching for Duluth-Superior Dukes : RHP Pete Rice
|
|
Batting: RHB Diego Martinez
|
0-0: Called Strike 0-1: Ball 1-1: Ball 2-1: Ground out 5-3 (Groundball, 56, EV 83.1 MPH)
|
|
Batting: RHB Mike Foote
|
0-0: Called Strike 0-1: SINGLE (Flyball, 5D, EV 93.1 MPH)
|
|
Batting: SHB Stephen Moore
|
0-0: Swinging Strike 0-1: SINGLE (Groundball, 34D, EV 111.9 MPH) Mike Foote to second Runner from 2nd tries for 3rd, SAFE, no throw by RF
|
|
Batting: LHB Rick Leach
|
0-0: Fielders Choice at 2nd, 6-4 (Groundball, 6, EV 105.6 MPH) Mike Foote scores
|
|
Batting: LHB Bob Porter
|
0-0: Called Strike 0-1: Ball 1-1: Ball 2-1: Fielders Choice at 2nd, U6 (Groundball, 6M, EV 103.8 MPH)
|
| Top of the 6th over - 1 run, 2 hits, 0 errors, 1 left on base; Aberdeen 5 - Duluth-Superior 2 |
| BOTTOM OF THE 6TH |
|
Duluth-Superior Dukes batting - Pitching for Aberdeen Pheasants : RHP Dave Beard
|
|
Batting: RHB Gary Hinson
|
0-0: Ball 1-0: Called Strike 1-1: Called Strike 1-2: Strikes out swinging
|
|
Batting: SHB Garry Humpston
|
0-0: Ball 1-0: Called Strike 1-1: Ball 2-1: Foul Ball, location: 2F 2-2: Ball 3-2: Ground out 4-3 (Groundball, 4S, EV 68.8 MPH)
|
|
Batting: RHB Scott Loucks
|
0-0: Called Strike 0-1: Called Strike 0-2: SINGLE (Flyball, 34D, EV 85.6 MPH)
|
|
Batting: RHB Cecil Whitehead
|
0-0: Ball Scott Loucks steals 2nd, throwing error, E2 Scott Loucks to third 1-0: Foul Ball, location: 2F 1-1: Reached on error, E5 (Groundball, 56S, EV 89.4 MPH) Scott Loucks scores
|
|
Batting: RHB Everette Smith
|
0-0: Ball 1-0: Foul Ball, location: 2F 1-1: Foul Ball, location: 2F 1-2: Foul Ball, location: 2F 1-2: Ball 2-2: Foul Ball, location: 2F 2-2: Strikes out swinging
|
| Bottom of the 6th over - 1 run, 1 hit, 2 errors, 1 left on base; Aberdeen 5 - Duluth-Superior 3 |
| TOP OF THE 7TH |
|
Aberdeen Pheasants batting - Pitching for Duluth-Superior Dukes : RHP Pete Rice
|
|
Pitching: RHP Oscar Negron
|
|
|
Batting: RHB Thomas Masterson
|
0-0: Called Strike 0-1: Ball 1-1: Called Strike 1-2: DOUBLE (Line Drive, 9LS, EV 96.9 MPH)
|
|
Batting: LHB Tim Thompson
|
0-0: Intentional Walk
|
|
Batting: RHB Alejandro Luna
|
0-0: TRIPLE (Line Drive, 89XD, EV 112.5 MPH) Thomas Masterson scores Tim Thompson scores
|
|
Batting: RHB Armando Ramirez
|
0-0: Called Strike 0-1: Called Strike 0-2: Ball 1-2: Fly out, F3 (Line Drive, 3, EV 69.4 MPH)
|
|
Batting: RHB Diego Martinez
|
0-0: Ground out 5-3 (Groundball, 56S, EV 80.0 MPH) Alejandro Luna scores
|
|
Batting: RHB Mike Foote
|
0-0: Ground out 6-3 (Groundball, 6, EV 94.4 MPH)
|
| Top of the 7th over - 3 runs, 2 hits, 0 errors, 0 left on base; Aberdeen 8 - Duluth-Superior 3 |
| BOTTOM OF THE 7TH |
|
Duluth-Superior Dukes batting - Pitching for Aberdeen Pheasants : RHP Dave Beard
|
|
Batting: RHB Hector Cervantes
|
0-0: Called Strike 0-1: Ball 1-1: Ball 2-1: SINGLE (Line Drive, 8RS, EV 110.6 MPH)
|
|
Batting: RHB Jim Ferguson
|
0-0: Ball 1-0: Called Strike 1-1: Ball 2-1: Ball 3-1: Fielders Choice at 2nd, 5-4 (Groundball, 5L, EV 86.3 MPH)
|
|
Batting: LHB Ralph Bryant
|
0-0: Ball 1-0: Called Strike 1-1: TRIPLE (Flyball, 89XD, EV 103.1 MPH) Jim Ferguson scores
|
|
Batting: RHB Leo Vargas
|
0-0: Ball 1-0: Foul Ball, location: 2F 1-1: Ground out 3-1 (Groundball, 34, EV 97.5 MPH) Ralph Bryant scores
|
|
Batting: RHB Gary Hinson
|
0-0: Fly out, F8 (Line Drive, 8RD, EV 93.8 MPH)
|
| Bottom of the 7th over - 2 runs, 2 hits, 0 errors, 0 left on base; Aberdeen 8 - Duluth-Superior 5 |
| TOP OF THE 8TH |
|
Aberdeen Pheasants batting - Pitching for Duluth-Superior Dukes : RHP Oscar Negron
|
|
Pitching: RHP Brian Harrison
|
|
|
Batting: SHB Stephen Moore
|
0-0: Ball 1-0: Fly out, F9 (Flyball, 9LM, EV 79.4 MPH)
|
|
Batting: LHB Rick Leach
|
0-0: Ball 1-0: Ball 2-0: Ground out 6-3 (Groundball, 6, EV 86.9 MPH)
|
|
Batting: LHB Bob Porter
|
0-0: Ball 1-0: Ball 2-0: Ball 3-0: Called Strike 3-1: Fly out, F6 (Popup, 6D, EV 69.4 MPH)
|
| Top of the 8th over - 0 runs, 0 hits, 0 errors, 0 left on base; Aberdeen 8 - Duluth-Superior 5 |
| BOTTOM OF THE 8TH |
|
Duluth-Superior Dukes batting - Pitching for Aberdeen Pheasants : RHP Dave Beard
|
|
Batting: SHB Garry Humpston
|
0-0: Called Strike 0-1: Swinging Strike 0-2: Foul Ball, location: 2F 0-2: Strikes out looking
|
|
Batting: RHB Scott Loucks
|
0-0: Foul Ball, location: 2F 0-1: Foul Ball, location: 2F 0-2: Foul Ball, location: 2F 0-2: Ball 1-2: Ball 2-2: Foul Ball, location: 2F 2-2: Strikes out swinging
|
|
Batting: RHB Cecil Whitehead
|
0-0: Foul Ball, location: 2F 0-1: Swinging Strike 0-2: Strikes out swinging
|
| Bottom of the 8th over - 0 runs, 0 hits, 0 errors, 0 left on base; Aberdeen 8 - Duluth-Superior 5 |
| TOP OF THE 9TH |
|
Aberdeen Pheasants batting - Pitching for Duluth-Superior Dukes : RHP Brian Harrison
|
|
Batting: RHB Thomas Masterson
|
0-0: Ground out 6-3 (Groundball, 6, EV 103.8 MPH)
|
|
Batting: LHB Tim Thompson
|
0-0: Swinging Strike 0-1: Ball 1-1: Called Strike 1-2: Fly out, F4 (Popup, 3D, EV 55.6 MPH)
|
|
Batting: RHB Alejandro Luna
|
0-0: Ball 1-0: Ground out 4-3 (Groundball, 4S, EV 89.4 MPH)
|
| Top of the 9th over - 0 runs, 0 hits, 0 errors, 0 left on base; Aberdeen 8 - Duluth-Superior 5 |
| BOTTOM OF THE 9TH |
|
Duluth-Superior Dukes batting - Pitching for Aberdeen Pheasants : RHP Dave Beard
|
|
Pitching: LHP Juan Contreras
|
|
|
Batting: RHB Everette Smith
|
0-0: Fly out, F7 (Flyball, 7LD, EV 108.1 MPH)
|
|
Batting: RHB Hector Cervantes
|
0-0: Ball 1-0: Ball 2-0: Called Strike 2-1: Ground out U3 (Groundball, 3, EV 83.8 MPH)
|
|
Batting: RHB Jim Ferguson
|
0-0: Foul Ball, location: 2F 0-1: Fly out, F8 (Flyball, 78D, EV 110.6 MPH)
|
| Bottom of the 9th over - 0 runs, 0 hits, 0 errors, 0 left on base; Aberdeen 8 - Duluth-Superior 5 |
|